 Dungeon Crawl Stone Soup version 0.31-a0-150-g89dc3ad700 (webtiles) character file.

Game seed: 318160356705603800

142 qw the Shooter (level 5, -4/45 HPs)
             Began as a Minotaur Hunter on June 8, 2023.
             Slain by a steam dragon (7 damage)
             ... on level 3 of the Dungeon.
             The game lasted 00:01:00 (2491 turns).

qw the Shooter (Minotaur Hunter)                    Turns: 2491, Time: 00:01:01

Health: -4/45      AC:  5    Str: 16    XL:     5   Next: 4%
Magic:  4/4        EV: 11    Int:  6    God:
Gold:   144        SH:  0    Dex: 15    Spells: 4/4 levels left

rFire   . . .        Y - +0 shortbow
rCold   + . .        (shield currently unavailable)
rNeg    . . .        h - +0 ring mail
rPois   .            (helmet restricted)
rElec   .            (no cloak)
rCorr   .            (no gloves)
SInv    .            (no boots)
Will    .....        (no amulet)
Stlth   +            (no ring)
HPRegen 0.27/turn    (no ring)
MPRegen 0.09/turn

%: no passive effects
@: about to teleport
A: horns 2, retaliatory headbutt, talons 1, cold resistance 1, evolution 1
a: no special abilities


You were on level 3 of the Dungeon.
You visited 1 branch of the dungeon, and saw 4 of its levels.

You collected 144 gold pieces.


Innate Abilities, Weirdness & Mutations

You have a pair of horns on your head.
You reflexively headbutt those who attack you in melee.
You have sharp toenails.
Your flesh is cold resistant. (rC+)
You have hidden genetic potential.


   Skills:
 + Level 3.6 Fighting
 - Level 6.0 Ranged Weapons
 - Level 2.4 Armour
 - Level 2.1 Dodging
 - Level 0.7 Stealth


You had 4 spell levels left.
You didn't know any spells.
Your spell library was empty.

Inventory:

Hand Weapons
 Y - a +0 shortbow (weapon)
Armour
 h - a +0 ring mail (worn)
Scrolls
 b - a scroll of identify
Potions
 d - a potion of mutation
 i - 2 potions of curing

Dungeon Overview and Level Annotations

Branches:
Dungeon (4/15)
 Temple: D:4-7

Altars:
Hepliaklqana

Shops:
D:2 :


Message History

(D) Dungeon
Where to? (* - list waypoints, Enter - D:4, ? - help)
What level of the Dungeon? (default 1, ? - help)
You climb downwards.
The orc barely misses you.
The orc wizard points at you and mumbles some strange words.
You resist with some effort. The orc hits you with a +0 club.
There is a stone staircase leading up, spattered with blood here.
2485 ||| STAIRDANCE The steam dragon bites you but does no damage.
The steam dragon barely misses you. The orc closely misses you.
You climb upwards.
There is a stone staircase leading down, spattered with blood here.
You shoot an arrow. The arrow hits the steam dragon.
The steam dragon is lightly wounded.
The orc hits you but does no damage. The steam dragon misses you.
You furiously retaliate!
You headbutt the steam dragon! The steam dragon closely misses you.
You shoot an arrow.
The arrow hits the steam dragon but does no damage.
The steam dragon is moderately wounded.
The orc hits you but does no damage. The steam dragon bites you.
The steam dragon claws you.
You shoot an arrow. The arrow hits the steam dragon.
The steam dragon is heavily wounded.
The orc misses you. The steam dragon bites you!
The steam dragon claws you but does no damage.
You shoot an arrow. The arrow hits the steam dragon.
The steam dragon is heavily wounded.
The orc completely misses you. The steam dragon breathes steam at you.
The ball of steam hits you!
The ball of steam hits the orc!
The orc dies!
The steam dragon bites you!
The steam dragon claws you but does no damage.
2491 ||| READING scroll of teleportation.
As you read the scroll of teleportation, it crumbles to dust.
You feel strangely unstable.
You are engulfed in a cloud of scalding steam.
The steam dragon bites you!
You die...

######### #..
#.......# #.#
#.......# #.#
#.......# #.#
#.......###### #.#
#.......##...# #.#
#.......##..)####.#
######
#ยค......##.........
#....#
#.@)....'..........
#....#
#..D....####.#.#..#
#....#
#.......####.#.#..#
#....#
##.........#.#.#..#
#....#
#.........#.#.#..#
#....#
#.........+.......
#....#
#.........#.#.##..
#....#
##.........#.#.##.#
#....#
#.<...#........##.#


You could see a steam dragon.

Vanquished Creatures
  Jessica (D:2)
  An orc wizard (D:2)
  2 adders (D:3)
  2 worms (D:2)
  A dart slug (D:3)
  6 orcs
  5 endoplasms
  3 giant cockroaches
  4 goblins
  5 hobgoblins
  4 quokkas
  7 ball pythons
  7 bats
  A frilled lizard (D:1)
  7 kobolds
  4 rats
60 creatures vanquished.

Vanquished Creatures (others)
  2 orcs
2 creatures vanquished.

Grand Total: 62 creatures vanquished

Notes
Turn   | Place    | Note
-------+----------+-------------------------------------------
     0 | D:1      | qw the Minotaur Hunter began the quest for the Orb.
     0 | D:1      | Reached XP level 1. HP: 18/18 MP: 0/0
     0 | D:1      | 0 ||| qw: Version: 0.2-a-119-g7aa9181
     0 | D:1      | 0 ||| qw: Game counter: 2801
     0 | D:1      | 0 ||| qw: Always use a shield: true
     0 | D:1      | 0 ||| qw: God list: Okawaru
     0 | D:1      | 0 ||| qw: Allow faded altars: false
     0 | D:1      | 0 ||| qw: Do Orc after D:15 true
     0 | D:1      | 0 ||| qw: Do second Lair branch before Depths: true
     0 | D:1      | 0 ||| qw: Lair rune preference: random
     0 | D:1      | 0 ||| qw: Plans: Normal
     0 | D:1      | 0 ||| PLANNING D:1-11
   171 | D:1      | Reached XP level 2. HP: 22/25 MP: 1/1
   226 | D:1      | Reached skill level 5 in Ranged Weapons
   407 | D:1      | Reached skill level 3 in Fighting
   484 | D:1      | Found a faded altar of an unknown god.
   634 | D:1      | 634 ||| UPGRADING to +0 ring mail.
   644 | D:1      | 644 ||| DROPPING +0 leather armour.
   645 | D:1      | 645 ||| READING 3 scrolls labelled MORAL PIVAULAMU.
   649 | D:1      | 649 ||| READING scroll labelled JUAFENN WULUNE.
   650 | D:1      | 650 ||| READING scroll labelled JENOHO HEMEEQ.
   651 | D:1      | 651 ||| READING scroll labelled HIRPHI NEPS.
   652 | D:1      | 652 ||| READING scroll labelled BUC ENESHREH.
   701 | D:1      | 701 ||| DROPPING scroll of butterflies.
   742 | D:2      | Reached XP level 3. HP: 31/31 MP: 2/2
   806 | D:2      | Found Acvas's Vocational Training.
   814 | D:2      | Noticed Jessica
   817 | D:2      | Killed Jessica
   838 | D:2      | HP: 7/31 [worm (4)]
   839 | D:2      | 839 ||| READING 2 scrolls of teleportation.
  1305 | D:2      | Reached XP level 4. HP: 38/38 MP: 3/3
  1320 | D:2      | 1320 ||| READING 2 scrolls labelled MEFUMP UVICVU.
  1321 | D:2      | 1321 ||| DRINKING 2 blue potions.
  1321 | D:2      | Gained mutation: You are agile. (Dex +4, Str/Int -1)
                  | [potion of mutation]
  1321 | D:2      | Gained mutation: You occasionally lose the ability to read
                  | scrolls when taking damage. [potion of mutation]
  1321 | D:2      | Gained mutation: Your flesh is cold resistant. (rC+)
                  | [potion of mutation]
  1321 | D:2      | Gained mutation: You are very agile. (Dex +8, Str/Int -2)
                  | [potion of mutation]
  1322 | D:2      | 1322 ||| DRINKING potion of mutation.
  1322 | D:2      | Lost mutation: You are very agile. (Dex +8, Str/Int -2)
                  | [potion of mutation]
  1322 | D:2      | Lost mutation: You are agile. (Dex +4, Str/Int -1) [potion
                  | of mutation]
  1322 | D:2      | Lost mutation: You occasionally lose the ability to read
                  | scrolls when taking damage. [potion of mutation]
  1322 | D:2      | Gained mutation: You are clumsy. (Dex -2) [potion of
                  | mutation]
  1322 | D:2      | Gained mutation: You have sharp toenails. [potion of
                  | mutation]
  1322 | D:2      | Gained mutation: You have hidden genetic potential. [potion
                  | of mutation]
  1322 | D:2      | Lost mutation: You are clumsy. (Dex -2) [potion of
                  | mutation]
  1419 | D:3      | 1419 ||| FLEEEEING.
  1422 | D:3      | 1422 ||| FLEEEEING.
  1423 | D:3      | 1423 ||| STAIRDANCE
  1503 | D:3      | 1503 ||| STAIRDANCE
  1584 | D:3      | 1584 ||| STAIRDANCE
  1763 | D:3      | Reached skill level 6 in Ranged Weapons
  1918 | D:3      | Found a hazy altar of Hepliaklqana.
  2166 | D:3      | Reached XP level 5. HP: 45/45 MP: 4/4
  2340 | D:3      | 2340 ||| DRINKING 3 sapphire potions.
  2341 | D:3      | 2341 ||| READING 2 scrolls of identify.
  2341 | D:3      | 2341 ||| IDENTIFYING viscous yellow potion
  2342 | D:3      | 2342 ||| DROPPING potion of invisibility.
  2374 | D:4      | Noticed a steam dragon
  2376 | D:4      | 2376 ||| STAIRDANCE
  2429 | D:4      | 2429 ||| STAIRDANCE
  2485 | D:4      | 2485 ||| STAIRDANCE
  2490 | D:3      | HP: 6/45 [steam dragon (10)]
  2491 | D:3      | 2491 ||| READING scroll of teleportation.
  2491 | D:3      | HP: 2/45 [steam dragon] (4)]
  2491 | D:3      | Slain by a steam dragon

Levels and vault maps discovered:
D:1:      dpeg_arrival_orchard, layout_loops_ring,
          ebering_ecumenical_altar_abandoned
D:2:      layout_rooms, nicolae_shop_vocational, uniq_jessica
D:3:      layout_basic, nicolae_hepliaklqana_hippocampus
D:4:      cheibrodos_old_hovel, layout_basic, tgw_kikubaaqudgha,
          mainiacjoe_overflow_alcove_4, nicolae_specific_store,
          kennysheep_generic_room_9

Skill      XL: |  1  2  3  4 |
---------------+-------------+-----
Ranged Weapons | 5 6 |  6.0
Fighting       | 3 |  3.6
Armour         | 2 |  2.4
Dodging        | |  2.1
Stealth        | |  0.7

Action                     |  1- 3 |  4- 6 || total
---------------------------+-------+-------++-------
   Fire: Shortbow          |   128 |    90 ||   218
    Use: Scroll            |     6 |     3 ||     9
         Potion            |       |     3 ||     3
 Armour: Leather armour    |    12 |       ||    12
         Ring mail         |     7 |    18 ||    25
  Dodge: Dodged            |    33 |    34 ||    67

Table legend:
 A = Non-vault XP
 B = Vault XP
 C = Vault XP percentage of total XP
 D = Non-vault monster count
 E = Vault monster count
 F = Vault count percentage of total count
                 A         B        C        D         E       F
            +---------+---------+-------+---------+---------+-------
      Total |     167 |      37 |  18.1 |      59 |       1 |   1.7
            +---------+---------+-------+---------+---------+-------
        D:1 |      36 |       0 |   0.0 |      25 |       0 |   0.0
        D:2 |      64 |      37 |  36.6 |      13 |       1 |   7.1
        D:3 |      67 |       0 |   0.0 |      21 |       0 |   0.0
            +---------+---------+-------+---------+---------+-------
